 Dungeon Crawl Stone Soup version 0.26-a0-812-g31a745ddcd (webtiles) character file.

Game seed: 7695306766174197460

8373 SyRaX the Cleaver (level 11, -10/97 HPs)
             Began as a Minotaur Berserker on Nov 14, 2020.
             Was an Elder of Trog.
             Mangled by an ogre
             ... wielding a +0 giant club
              (12 damage)
             ... on level 2 of the Orcish Mines.
             The game lasted 00:28:43 (9371 turns).

SyRaX the Cleaver (Minotaur Berserker)              Turns: 9371, Time: 00:28:44

Health: -10/97     AC: 19    Str: 21    XL:     11   Next: 9%
Magic:  10/10      EV:  6    Int:  3    God:    Trog [****..]
Gold:   832        SH: 21    Dex: 14    Spells: 10/10 levels left

rFire    . . .     SeeInvis +   y - +1 broad axe (flame)
rCold    . . .     Faith    .   m - +4 tower shield
rNeg     + . .     Spirit   .   e - +0 plate armour {rPois}
rPois    +         Reflect  .   (helmet restricted)
rElec    .         Harm     .   u - +2 ratskin cloak {*Rats rPois rN+ Str-1 Int-1 Dex+1}
rCorr    .         Rampage  .   n - +1 pair of gloves
MR       +....                  (no boots)
Stlth    ..........             (no amulet)
HPRegen  0.26/turn              d - ring of see invisible
MPRegen  0.12/turn              o - ring of protection from magic

@: berserk cooldown, slowed, very slow
A: retaliatory headbutt, horns 2
a: Berserk, Trog's Hand, Brothers in Arms, Renounce Religion


You were on level 2 of the Orcish Mines.
You worshipped Trog.
Trog was greatly pleased with you.
You visited 3 branches of the dungeon, and saw 12 of its levels.

You collected 1062 gold pieces.
You spent 230 gold pieces at shops.

Inventory:

Hand Weapons
 a - a +4 hand axe
 j - a +2 antimagic scimitar
 v - a +2 war axe of electrocution
 y - a +1 broad axe of flaming (weapon)
Missiles
 t - 7 javelins (quivered)
Armour
 e - a +0 plate armour of poison resistance (worn)
 m - a +4 tower shield (worn)
 n - a +1 pair of gloves (worn)
 u - the +2 ratskin cloak (worn) {*Rats rPois rN+ Str-1 Int-1 Dex+1}
   (You found it on level 5 of the Dungeon)

   It affects your strength (-1).
   It affects your intelligence (-1).
   It affects your dexterity (+1).
   It protects you from poison.
   It protects you from negative energy.
Jewellery
 d - a ring of see invisible (left hand)
 o - a ring of protection from magic (right hand)
Wands
 w - a wand of iceblast (9)
Scrolls
 c - 5 scrolls of remove curse
 f - 2 scrolls of blinking
 k - 7 scrolls of teleportation
 x - a scroll of fear
Potions
 b - a potion of might {unknown}
 g - a potion of mutation {unknown}
 i - a potion of heal wounds {unknown}
 l - 2 potions of brilliance {unknown}
 p - a potion of flight {unknown}
 q - a potion of degeneration {unknown}
 r - a potion of invisibility {unknown}
 s - 2 potions of lignification {unknown}


   Skills:
 * Level 9.6 Fighting
 + Level 12.5 Axes
   Level 0.2(8.1) Polearms
 * Level 8.4 Armour
 + Level 4.8 Dodging
 - Level 0.6 Stealth
 * Level 10.2 Shields


You had 10 spell levels left.
You didn't know any spells.
Your spell library contained the following spells:

 Spells                   Type           Power        Failure   Level
 Animate Skeleton         Necr           #.....       100%        1
 Apportation              Tloc           #.....       100%        1
 Corona                   Hex            #......      100%        1
 Summon Small Mammal      Summ           #...         100%        1


Dungeon Overview and Level Annotations

Branches:
Dungeon (9/15)             Temple (1/1) D:7             Orc (2/2) D:9
    Elf (0/3) Orc:2
   Lair: D:8-11

Altars:
Ashenzari
Cheibriados
Dithmenos
Elyvilon
Fedhas
Gozag
Hepliaklqana
Kikubaaqudgha
Makhleb
Nemelex Xobeh
Okawaru
Qazlal
Ru
Sif Muna
Trog
Uskayaw
Vehumet
Wu Jian
Xom
Yredelemnul
Zin
The Shining One
Beogh

Shops:
D:4 *   D:6 *


Innate Abilities, Weirdness & Mutations

You reflexively headbutt those who attack you in melee.
You have a pair of horns on your head.


Message History

The two-headed ogre hits you with a +0 giant spiked club!
You block the two-headed ogre's attack.
You fail to use your ability.
You block the two-headed ogre's attack. x2
The ogre shouts!
You block the two-headed ogre's attack. x2
The two-headed ogre hits you with a +0 giant spiked club!
The two-headed ogre hits you with a +0 giant club.
The two-headed ogre hits you with a +0 giant club! x2
* * * LOW HITPOINT WARNING * * *
Found a stone staircase leading up.
You block the two-headed ogre's attack.
The two-headed ogre hits you but does no damage.
You block the two-headed ogre's attack. x3
The two-headed ogre hits you with a +0 giant club!!
* * * LOW HITPOINT WARNING * * *
The two-headed ogre hits you with a +0 giant club.
* * * LOW HITPOINT WARNING * * *
The two-headed ogre completely misses you.
The ogre hits you with a +0 giant club!
You die...

...............
...................#
...................#
#..................#
...................##
...##...............#
....##.............##
...##...............#
...##..........O@.<.#
.........##...O.O..##
......#.####..O.O.##
..#.)#...#.OOOO....#
..###.)....O.O......#
...#.#.#...........##
#....)#....#.......#
#...O###.####.......#
#.>.O#.### ###.....#


You could see 4 two-headed ogres and 7 ogres.

Vanquished Creatures
  An ogre mage (Orc:2)
  A two-headed ogre (Orc:2)
  Pikel (D:6)
  The ghost of Kinoniko the Shield-Bearer, an amateur GnFi of Qazlal (D:5)
  A troll (D:8)
  Grinder (D:3)
  Sigmund (D:2)
  A wyvern (D:9)
  Menkaure (D:6)
  A warg (Orc:2)
  Edmund (D:4)
  Purgy (D:3)
  10 orc warriors
  A phantom (D:4)
  2 sky beasts (D:8)
  A necrophage (D:5)
  2 centaurs
  6 ogres
  2 lemures (D:6)
  A big kobold (D:8)
  Blork the orc (D:6)
  2 bullfrogs
  2 scorpions
  3 killer bees (D:7)
  3 howler monkeys (D:8)
  4 wights (D:8)
  3 quasits
  A centaur zombie (D:6)
  12 orc priests
  2 hounds
  2 bullfrog zombies (D:7)
  2 bullfrog skeletons (D:5)
  A centaur skeleton (D:9)
  11 orc wizards
  2 iguanas
  7 worker ants
  A hell rat (D:5)
  A killer bee zombie (D:9)
  A hound zombie (D:6)
  A hound skeleton (D:5)
  A worker ant zombie (D:5)
  3 gnolls (D:3)
  6 river rats (D:5)
  9 adders
  2 shadow imps
  5 white imps
  An ooze (D:4)
  2 adder zombies
  A worm (D:5)
  4 dart slugs
  8 leopard geckos
  59 orcs
  A ball python (D:4)
  10 bats
  4 giant cockroaches
  9 hobgoblins
  16 jackals
  4 quokkas
  5 frilled lizards
  2 giant cockroach zombies (D:6)
  12 goblins
  11 kobolds
  A quokka skeleton (D:6)
  A quokka zombie (D:6)
  23 rats
299 creatures vanquished.

Vanquished Creatures (collateral kills)
  A two-headed ogre (Orc:2)
  A troll (Orc:2)
  4 orc warriors
  A phantom (D:6)
  A scorpion (D:7)
  2 orc priests
  An orc wizard (Orc:2)
  A hound (D:9)
  12 orcs
24 creatures vanquished.

Vanquished Creatures (others)
  11 plants
11 creatures vanquished.

Grand Total: 334 creatures vanquished

Notes
Turn   | Place    | Note
-------+----------+-------------------------------------------
     0 | D:1      | SyRaX the Minotaur Berserker began the quest for the Orb.
     0 | D:1      | Reached XP level 1. HP: 19/19 MP: 0/0
   176 | D:1      | Reached XP level 2. HP: 17/27 MP: 1/1
   178 | D:1      | Reached skill level 4 in Axes
  1421 | D:2      | Reached XP level 3. HP: 34/34 MP: 2/2
  1573 | D:2      | Noticed Sigmund
  1585 | D:2      | Killed Sigmund
  1585 | D:2      | Reached ** piety under Trog
  1585 | D:2      | Reached skill level 5 in Fighting
  1585 | D:2      | Reached skill level 5 in Axes
  1585 | D:2      | Reached XP level 4. HP: 42/42 MP: 3/3
  1585 | D:2      | Reached XP level 5. HP: 48/48 MP: 4/4
  2150 | D:2      | Found a hide-covered altar of Uskayaw.
  2464 | D:3      | Noticed Purgy
  2474 | D:3      | Killed Purgy
  2474 | D:3      | Reached skill level 6 in Axes
  2474 | D:3      | Reached XP level 6. HP: 56/56 MP: 5/5
  2484 | D:3      | Reached skill level 1 in Shields
  2581 | D:3      | Noticed Grinder
  2587 | D:3      | Paralysed by Grinder for 7 turns
  2598 | D:3      | Killed Grinder
  2598 | D:3      | Reached XP level 7. HP: 55/62 MP: 6/6
  2922 | D:3      | Reached skill level 7 in Axes
  2922 | D:3      | Reached *** piety under Trog
  3715 | D:4      | Noticed Edmund
  3720 | D:4      | Killed Edmund
  3981 | D:4      | Found Ysmopseupn's Assorted Antiques.
  4011 | D:4      | Bought an agate ring for 115 gold pieces
  4011 | D:4      | Bought a glowing bronze ring for 115 gold pieces
  4029 | D:4      | Reached XP level 8. HP: 59/70 MP: 7/7
  4257 | D:4      | Reached skill level 8 in Axes
  4338 | D:5      | Entered Level 5 of the Dungeon
  4733 | D:5      | Found a glowing silver altar of Zin.
  4817 | D:5      | Reached skill level 5 in Armour
  4858 | D:5      | Found a transporter.
  4862 | D:5      | Noticed Kinoniko's ghost (amateur GnFi)
  4879 | D:5      | Reached skill level 9 in Axes
  4881 | D:5      | Killed Kinoniko's ghost
  4881 | D:5      | Reached skill level 5 in Shields
  4883 | D:5      | Found a transporter.
  4925 | D:5      | Reached **** piety under Trog
  5197 | D:5      | Found the +2 ratskin cloak {*Rats rPois rN+ Str-1 Int-1
                  | Dex+1}
  5342 | D:6      | Noticed Menkaure
  5345 | D:6      | Reached skill level 10 in Axes
  5345 | D:6      | Reached XP level 9. HP: 58/78 MP: 8/8
  5348 | D:6      | Killed Menkaure
  5712 | D:6      | Noticed Blork the orc
  5716 | D:6      | Killed Blork the orc
  5763 | D:6      | Reached ***** piety under Trog
  5806 | D:6      | Noticed Pikel
  5816 | D:6      | Killed Pikel
  5878 | D:6      | Found Duugg's General Store.
  6195 | D:7      | Reached skill level 11 in Axes
  6242 | D:7      | Found a glowing golden altar of the Shining One.
  6627 | D:7      | Found a burning altar of Makhleb.
  6786 | D:7      | Reached XP level 10. HP: 84/90 MP: 9/9
  6892 | D:7      | Found a staircase to the Ecumenical Temple.
  6904 | Temple   | Entered the Ecumenical Temple
  7236 | D:8      | Received a gift from Trog
  7413 | D:8      | Found a white marble altar of Elyvilon.
  7885 | D:9      | Found a roughly hewn altar of Beogh.
  7885 | D:9      | Found a staircase to the Orcish Mines.
  7897 | D:9      | Received a gift from Trog
  8186 | Orc:1    | Entered Level 1 of the Orcish Mines
  8337 | Orc:1    | Found a shimmering blue altar of Sif Muna.
  8381 | Orc:1    | Identified Sif Muna's Reference Book on Feathers
  8633 | Orc:2    | Entered Level 2 of the Orcish Mines
  8639 | Orc:2    | Reached skill level 12 in Axes
  8996 | Orc:2    | Noticed a two-headed ogre
  9012 | Orc:2    | Killed a two-headed ogre
  9287 | Orc:2    | Found a staircase to the Elven Halls.
  9324 | Orc:2    | Noticed a two-headed ogre
  9324 | Orc:2    | Noticed a two-headed ogre
  9331 | Orc:2    | Noticed a two-headed ogre
  9332 | Orc:2    | Noticed an ogre mage
  9333 | Orc:2    | Noticed a two-headed ogre
  9333 | Orc:2    | Noticed a two-headed ogre
  9334 | Orc:2    | Noticed a two-headed ogre
  9348 | Orc:2    | Killed a two-headed ogre
  9351 | Orc:2    | Killed an ogre mage
  9351 | Orc:2    | Reached skill level 10 in Shields
  9351 | Orc:2    | Reached XP level 11. HP: 97/97 MP: 10/10
  9368 | Orc:2    | HP: 3/97 [two-headed ogre/+0 giant club (19)]
  9369 | Orc:2    | HP: 1/97 [two-headed ogre/+0 giant club (2)]
  9371 | Orc:2    | Mangled by an ogre

Illustrated notes

Levels and vault maps discovered:
D:1:      saegor_arrival_simple_e, layout_basic
D:2:      layout_basic, lemuel_crystal_altar, nrook_mini_vaults, uniq_sigmund
D:3:      layout_rooms, serial_corexii_hall, corexii_hall_statues_i,
          corexii_hall_statues_i, chequers_hall_statues_y,
          chequers_hall_statues_corner_a, uniq_purgy, uniq_grinder
D:4:      layout_loops_ring, serial_shops, nicolae_shop_overgrown_old_shop,
          grunt_decor_clamped, nrook_mini_backslash, supply_closet_lemuel,
          uniq_edmund
D:5:      wander_guarded_unrand_ratskin, layout_cave_pools,
          gammafunk_ghost_stat_death, minmay_ruined_shrine
D:6:      layout_loops_ring, serial_undead, serial_undead_c, serial_undead_f,
          serial_undead_f, serial_undead_d, serial_shops,
          nicolae_shop_behind_doors, uniq_menkaure, uniq_pikel,
          uniq_blork_the_orc
D:7:      layout_basic, nicolae_tso_swordbearing_angel,
          makhleb_altar_promises_db, minmay_temple_entry_nine_rooms,
          minmay_misc_feat_ornament
D:8:      layout_cave_pools, kennysheep_little_box, eino_curves_04,
          minmay_misc_feat_x
D:9:      kennysheep_kobold_camp, layout_basic, david_orc_5, basic_altar,
          hex_large, minmay_tree_intersection
Temple:   nicolae_temple_no_exploring_needed
Orc:1:    layout_caves, led_sif_book
Orc:2:    st_orc_ogre_mass, layout_caves

Skill      XL: |  1  2  3  4  5  6  7  8  9 10 |
---------------+-------------------------------+-----
Fighting       | 4 5 6 8 9 |  9.6
Axes           | 4 5 6 7 10 11 12 | 12.5
Dodging        | 3 4 |  4.8
Armour         | 3 4 5 6 8 |  8.4
Shields        | 1 3 5 7 10 | 10.2
Polearms       | |  0.2
Stealth        | |  0.6

Action                   |  1- 3 |  4- 6 |  7- 9 | 10-12 || total
-------------------------+-------+-------+-------+-------++-------
Melee: Hand axe          |    58 |    41 |    32 |       ||   131
       Headbutt          |     3 |    10 |    52 |    38 ||   103
       Scythe            |       |    11 |       |       ||    11
       War axe           |       |       |   265 |    25 ||   290
       Broad axe         |       |       |       |   132 ||   132
Invok: Berserk           |     3 |     4 |    20 |    13 ||    40
       Brothers in Arms  |       |       |     2 |     4 ||     6
       Trog's Hand       |       |       |       |     1 ||     1
  Use: Scroll            |       |       |    19 |     3 ||    22
       Potion            |       |       |       |     3 ||     3
 Stab: Distracted        |       |     1 |       |       ||     1
Armor: Animal skin       |     6 |       |       |       ||     6
       Robe              |       |    14 |     1 |       ||    15
       Ring mail         |       |       |    20 |       ||    20
       Chain mail        |       |       |    67 |    17 ||    84
       Plate armour      |       |       |       |    19 ||    19
Dodge: Dodged            |    52 |    13 |    45 |    25 ||   135
Block: Tower shield      |       |    29 |   255 |   206 ||   490

Table legend: (Time is in decaauts)
 A = Elapsed time spent in this place.
 B = Non-inter-level travel time spent in this place.
 C = Inter-level travel time spent in this place.
 D = Time resting spent in this place.
 E = Time spent auto-exploring this place.
 F = Levels seen in this place.
 G = Mean time per level.
                   A        B        C        D        E       F      G
               +--------+--------+--------+--------+--------+-----+--------+
         Total |   9826 |   9640 |    186 |      0 |   6748 |  12 |  818.8 |
       Dungeon |   8582 |   8396 |    186 |      0 |   5895 |   9 |  953.6 |
        Temple |     13 |     13 |      0 |      0 |      0 |   1 |   13.0 |
  Orcish Mines |   1230 |   1230 |      0 |      0 |    853 |   2 |  615.0 |
               +--------+--------+--------+--------+--------+-----+--------+

Top non-repeatable levels by time:
     D:1: 1418 daAuts
     D:2: 1111 daAuts
     D:4: 1107 daAuts
     D:5: 1069 daAuts
     D:7: 995 daAuts
     D:3: 886 daAuts
     D:6: 856 daAuts
   Orc:2: 770 daAuts
     D:8: 650 daAuts
     D:9: 485 daAuts
   Orc:1: 459 daAuts
  Temple: 13 daAuts
